 Dungeon Crawl Stone Soup version 0.29.0-4-gdea44cf6ec (webtiles) character file.

Game seed: 13535590748210156682

165 qw the Chopper (level 5, -3/30 HPs)
             Began as a Tengu Warper on Aug 28, 2022.
             Slain by a gnoll
             ... wielding a +2 spear of venom
              (9 damage)
             ... on level 4 of the Dungeon.
             The game lasted 00:00:18 (3683 turns).

qw the Chopper (Tengu Warper)                       Turns: 3683, Time: 00:00:19

Health: -3/30      AC:  6    Str: 14    XL:     5   Next: 46%
Magic:  9/9        EV: 11    Int: 13    God:
Gold:   162        SH:  0    Dex: 13    Spells: 8/8 levels left

rFire   . . .      SeeInvis .   Y - +0 hand axe
rCold   . . .      Faith    .   (no shield)
rNeg    . . .      Spirit   .   a - +0 scale mail
rPois   .          Reflect  .   (helmet restricted)
rElec   .          Harm     .   (no cloak)
rCorr   .          Rampage  .   (no gloves)
Will    .....                   (boots unavailable)
Stlth   ..........              (no amulet)
HPRegen 0.10/turn               (no ring)
MPRegen 0.11/turn               (no ring)

@: lethally poisoned (-3 -> -9), flying quickly and evasively, quick
A: beak, talons 3, nimble flight
a: no special abilities


You were on level 4 of the Dungeon.
You visited 1 branch of the dungeon, and saw 4 of its levels.
You also visited: Sewer.

You collected 162 gold pieces.


Innate Abilities, Weirdness & Mutations

You have a beak for a mouth.
You have claws for feet.
Your magical nature lets you fly swiftly and evasively.


   Skills:
 - Level 2.0 Fighting
 + Level 6.0 Axes
 - Level 1.0 Throwing
 - Level 1.1 Armour
 - Level 2.1 Dodging
 - Level 2.0 Spellcasting
 - Level 2.4 Translocations


You had 8 spell levels left.
You didn't know any spells.
Your spell library contained the following spells:

 Spells                   Type           Power      Damage    Failure   Level
 Blink                    Tloc           14%        N/A       54%         2
 Gell's Gravitas          Tloc           7%         N/A       77%         3
 Lesser Beckoning         Tloc           7%         N/A       77%         3
 Teleport Other           Tloc           7%         N/A       77%         3
 Manifold Assault         Tloc           7%         N/A       100%        5

Inventory:

Hand Weapons
 d - a +0 whip
 Y - a +0 hand axe (weapon)
Armour
 a - a +0 scale mail (worn)
Scrolls
 b - a scroll of enchant armour
 e - a scroll of identify
Potions
 c - a potion of ambrosia {unknown}
 f - a potion of cancellation {unknown}
 g - a potion of curing {unknown}
 h - a potion of berserk rage {unknown}
 i - a potion of might {unknown}

Dungeon Overview and Level Annotations

Branches:
Dungeon (4/15)              Sewer (visited)
 Temple: D:4-7

Altars:

Shops:
D:1 (

Annotations:
D:4 Sigmund


Message History

Sigmund is wielding a +0 scythe of protection.
Found a stone staircase leading down.
Sigmund shouts!
The adder hisses angrily.
The gnoll closely misses you.
You hit the gnoll. You peck the gnoll.
The gnoll is lightly wounded.
You hit the gnoll. You claw the gnoll.
The gnoll is heavily wounded.
The gnoll hits you from afar with a +2 spear of venom.
A ball python comes into view.
You closely miss the gnoll.
The gnoll is heavily wounded.
The ball python hisses angrily.
You hit the gnoll. The gnoll closely misses you.
The gnoll hits you but does no damage.
Sigmund casts a spell.
Sigmund flickers and vanishes!
Deactivating autopickup; reactivate with Ctrl-A.
You closely miss the gnoll. You claw the gnoll. Your peck misses the gnoll.
The gnoll is almost dead.
You hit the gnoll. The gnoll misses you.
The gnoll hits you from afar with a +2 spear of venom.
You are poisoned.
The gnoll hits you but does no damage. The adder bites you.
You closely miss the gnoll.
The gnoll is almost dead.
You barely miss the adder. You hit the gnoll.
You feel very sick. The gnoll hits you with a +0 flail.
The gnoll hits you from afar with a +2 spear of venom.
The gnoll hits you but does no damage. The adder bites you.
You closely miss the gnoll. Your kick misses the gnoll.
The gnoll is almost dead.
You hit the adder. You hit the gnoll.
You kill the gnoll!
You feel sick. The adder bites you but does no damage. Something hits you.
The gnoll hits you with a +0 flail.
The gnoll hits you from afar with a +2 spear of venom!
You die...

#...........
#.#.####.#.#
#...# #..##
#..#######.
#..........
#..########
#..# #@)#
.....KgS.#
......{g.#
.....S...#
..........
.........##
.........#
........>#


You could see 2 gnolls, an adder, a ball python and a kobold.

Vanquished Creatures
  A gnoll (D:4)
  6 adders
  4 river rats (Sewer)
  A dart slug (D:2)
  A worm (D:3)
  3 ball pythons
  7 endoplasms
  3 giant cockroaches
  3 goblins
  7 hobgoblins
  2 jackals (D:1)
  10 kobolds
  A quokka (D:2)
  5 bats
  6 frilled lizards
  19 rats
79 creatures vanquished.

Notes
Turn   | Place    | Note
-------+----------+-------------------------------------------
     0 | D:1      | qw the Tengu Warper began the quest for the Orb.
     0 | D:1      | Reached XP level 1. HP: 12/12 MP: 4/4
     0 | D:1      | 0 ||| qw: Version: 0.1-a-89-g26bdef1
     0 | D:1      | 0 ||| qw: Game counter: 1926
     0 | D:1      | 0 ||| qw: Always use a shield: true
     0 | D:1      | 0 ||| qw: God list: Okawaru
     0 | D:1      | 0 ||| qw: Allow faded altars: false
     0 | D:1      | 0 ||| qw: Do Orc after D:15 true
     0 | D:1      | 0 ||| qw: Do second Lair branch before Depths: true
     0 | D:1      | 0 ||| qw: Lair rune preference: random
     0 | D:1      | 0 ||| qw: Plans: Normal
     0 | D:1      | 0 ||| PLANNING D:1-11
   226 | D:1      | Reached XP level 2. HP: 17/17 MP: 6/6
   246 | D:1      | Found Ojagiagy's Antique Weapon Boutique.
   250 | D:1      | Reached skill level 3 in Axes
   257 | D:1      | 257 ||| SHOPLISTING steaming war axe (238 gold, have 13).
   257 | D:1      | 257 ||| SHOPLISTING twisted flail (238 gold, have 13).
   596 | D:1      | Found a faded altar of an unknown god.
   709 | D:1      | Reached XP level 3. HP: 21/21 MP: 7/7
   801 | D:1      | 801 ||| READING scroll labelled TUSEOM BOSKIF.
   802 | D:1      | 802 ||| READING 2 scrolls labelled OCUESUHUICH.
   803 | D:1      | 803 ||| READING 2 scrolls labelled YDOIVV TIEVERCH.
   904 | D:1      | 904 ||| DROPPING scroll of blinking.
   905 | D:1      | 905 ||| DROPPING scroll of amnesia.
   906 | D:1      | 906 ||| DROPPING scroll of silence.
   983 | D:2      | 983 ||| Stepping ~*~*~tactically~*~*~ (stealth).
  1139 | D:2      | Reached skill level 4 in Axes
  1489 | D:2      | 1489 ||| Stepping ~*~*~tactically~*~*~ (stealth).
  1497 | D:2      | 1497 ||| Stepping ~*~*~tactically~*~*~ (stealth).
  1500 | D:2      | 1500 ||| Stepping ~*~*~tactically~*~*~ (stealth).
  1502 | D:2      | 1502 ||| Stepping ~*~*~tactically~*~*~ (stealth).
  1504 | D:2      | 1504 ||| Stepping ~*~*~tactically~*~*~ (stealth).
  1602 | D:2      | Reached XP level 4. HP: 14/26 MP: 8/8
  2010 | D:3      | 2010 ||| PLANNING SEWER
  2247 | D:3      | Found a glowing drain.
  2255 | D:3      | 2255 ||| UPGRADING to +0 scale mail.
  2265 | D:3      | 2265 ||| DROPPING +0 leather armour.
  2308 | Sewer    | Entered a sewer
  2335 | Sewer    | Reached skill level 5 in Axes
  2655 | Sewer    | 2655 ||| Stepping ~*~*~tactically~*~*~ (stealth).
  2660 | Sewer    | Gained mutation: Your magical nature lets you fly swiftly
                  | and evasively. [Tengu growth]
  2660 | Sewer    | Reached XP level 5. HP: 27/30 MP: 9/9
  3002 | Sewer    | Reached skill level 6 in Axes
  3090 | Sewer    | 3090 ||| READING 2 scrolls labelled GESYXAENER.
  3091 | Sewer    | 3091 ||| READING scroll labelled YJUNEM WEYT.
  3141 | D:3      | 3141 ||| PLANNING D:1-11
  3384 | D:3      | 3384 ||| READING scroll labelled VEHUBL UGGAM.
  3385 | D:3      | 3385 ||| Stepping randomly (stuck).
  3386 | D:3      | 3386 ||| Stepping ~*~*~tactically~*~*~ (cloud).
  3674 | D:4      | 3674 ||| Stepping ~*~*~tactically~*~*~ (stealth).
  3677 | D:4      | Noticed Sigmund
  3683 | D:4      | HP: 6/30 [gnoll/+0 flail (4)]
  3683 | D:4      | Slain by a gnoll

Levels and vault maps discovered:
D:1:      dpeg_arrival_morbid_curiosity, layout_basic, serial_aquarium,
          aquarium_bridge_long_separate [aquarium_subvault_bridge,
          aquarium_subvault_bridge, aquarium_subvault_bridge,
          aquarium_subvault_bridge, aquarium_subvault_bridge,
          aquarium_subvault_window], aquarium_bridge_square
          [aquarium_subvault_window, aquarium_subvault_wall,
          aquarium_subvault_bridge, aquarium_subvault_bridge],
          aquarium_window_3, aquarium_window_corner, aquarium_window_1,
          aquarium_window_fake, aquarium_view_2b, aquarium_view_2d,
          serial_shops, shop, ebering_ecumenical_altar_mist,
          minmay_misc_feat_plants, grunt_decor_junction
D:2:      layout_loops_ring
D:3:      layout_rooms, portal_sewer_entry_a
D:4:      layout_loops_ring, serial_shops, shop, uniq_sigmund, uniq_menkaure

Skill      XL: |  1  2  3  4  5 |
---------------+----------------+-----
Axes           | 3 4 5 6 |  6.0
Fighting       | |  2.0
Throwing       | |  1.0
Armour         | |  1.1
Dodging        | |  2.1
Spellcasting   | |  2.0
Translocations | |  2.4

Action                   |  1- 3 |  4- 6 || total
-------------------------+-------+-------++-------
Melee: Hand axe          |    67 |   110 ||   177
       Kick              |    16 |    26 ||    42
       Peck              |    11 |    13 ||    24
       Punch             |     1 |       ||     1
Throw: Boomerang         |    22 |       ||    22
  Use: Scroll            |     3 |     3 ||     6
Armor: Leather armour    |    14 |     2 ||    16
       Scale mail        |       |    30 ||    30
Dodge: Dodged            |    43 |    48 ||    91

Table legend:
 A = Non-vault XP
 B = Vault XP
 C = Vault XP percentage of total XP
 D = Non-vault monster count
 E = Vault monster count
 F = Vault count percentage of total count
                 A         B        C        D         E       F
            +---------+---------+-------+---------+---------+-------
      Total |     121 |     130 |  51.8 |      49 |      30 |  38.0
            +---------+---------+-------+---------+---------+-------
        D:1 |      30 |       5 |  14.3 |      18 |       3 |  14.3
        D:2 |      52 |       0 |   0.0 |      16 |       0 |   0.0
        D:3 |      21 |       3 |  12.5 |      12 |       2 |  14.3
        D:4 |      18 |       0 |   0.0 |       3 |       0 |   0.0
      Sewer |       0 |     122 | 100.0 |       0 |      25 | 100.0
            +---------+---------+-------+---------+---------+-------
